[ AOE2 MATCH · #506554163 ]
UnrankedJapanese vs Wei
[ REPLAY ANALYSIS · EXTRACTED FROM THE RECORDED GAME ]
Feudal
15:39
Castle
25:44
Imperial
38:22
| APM avg | 19.8 |
| APM peak | 38 |
| eAPM avg | 12.3 |
| Villagers / military | 96 / 183 |
Focus
⚔️ 35.9% · 🌾 64.1%
Samurai ×160 · Battering Ram ×16 · Fishing Ship ×12 · Spearman ×6 · Demolition Raft ×1
Feudal
13:15
Castle
18:19
Imperial
41:33
| APM avg | 27.5 |
| APM peak | 56 |
| eAPM avg | 15.6 |
| Villagers / military | 134 / 4 |
Focus
⚔️ 30.5% · 🌾 69.5%
Unknown (1944) ×110 · Scout Cavalry ×4 · Unknown (1942) ×2
Feudal
12:57
Castle
18:27
Imperial
42:40
| APM avg | 30.4 |
| APM peak | 67 |
| eAPM avg | 17.4 |
| Villagers / military | 159 / 177 |
Focus
⚔️ 34.3% · 🌾 65.7%
Militia ×82 · Archer ×67 · Knight ×8 · Scorpion ×7 · Monk ×6 · Trebuchet (Packed) ×5
Feudal
14:33
Castle
18:11
Imperial
40:54
| APM avg | 47.7 |
| APM peak | 90 |
| eAPM avg | 21.6 |
| Villagers / military | 197 / 134 |
Focus
⚔️ 27.7% · 🌾 72.3%
Eagle Scout ×82 · Jaguar Warrior ×39 · Militia ×11 · Trebuchet (Packed) ×2
Feudal
15:30
Castle
24:07
Imperial
40:18
| APM avg | 17.3 |
| APM peak | 41 |
| eAPM avg | 12.2 |
| Villagers / military | 89 / 230 |
Focus
⚔️ 32.5% · 🌾 67.5%
Skirmisher ×171 · Scout Cavalry ×20 · Battle Elephant ×19 · Knight ×18 · Trebuchet (Packed) ×2
Feudal
14:11
Castle
27:41
Imperial
46:08
| APM avg | 48.2 |
| APM peak | 107 |
| eAPM avg | 22.1 |
| Villagers / military | 126 / 119 |
Focus
⚔️ 32.2% · 🌾 67.8%
Knight ×70 · Throwing Axeman ×16 · Archer ×9 · Spearman ×9 · Monk ×6 · Trebuchet (Packed) ×4
Feudal
13:26
Castle
16:07
Imperial
—
| APM avg | 29.3 |
| APM peak | 96 |
| eAPM avg | 15.7 |
| Villagers / military | 95 / 124 |
Focus
⚔️ 32.4% · 🌾 67.6%
Spearman ×60 · Knight ×45 · Scorpion ×19
Feudal
13:53
Castle
17:54
Imperial
42:50
| APM avg | 29.9 |
| APM peak | 60 |
| eAPM avg | 15.6 |
| Villagers / military | 179 / 220 |
Focus
⚔️ 39.1% · 🌾 60.9%
Cavalry Archer ×160 · Tarkan ×56 · Trebuchet (Packed) ×4
Match map
Initial resources + every placement click. Lines = walls · curves = elevation contours. ◆ gold · ⬟ stone · ● berries · ✦ relic · ◌ wall gap
Your base· Open — 14t gap
出兵保護我~'s base· Open — 7t gap
I_am_Ed10s's base· Open — unwalled flank
_Ctm_NeO_'s base· Open — unwalled flank
TWENTYSIX2SAM4's base· Open — unwalled flank
Eldiano's base· Open — unwalled flank
Bizless's base· Open — unwalled flank
|DD2E| Poloisses's base· Open — unwalled flank
Smoothed initial terrain · ◌ = detected wall gap · hover for details
Inputs per minute
— FeliGar18 - - 出兵保護我~
Build order — FeliGar18
First 150 of 325 actions detected
| 2:28 | Build | Town Center |
| 4:07 | Build | House |
| 4:08 | Build | House |
| 4:09 | Build | House |
| 4:58 | Queue | Villager (Male) |
| 4:59 | Queue | Villager (Male) |
| 4:59 | Queue | Villager (Male) |
| 4:59 | Queue | Villager (Male) |
| 5:00 | Queue | Villager (Male) |
| 6:16 | Queue | Villager (Male) |
| 6:55 | Queue | Villager (Male) |
| 7:27 | Queue | Villager (Male) |
| 7:47 | Queue | Villager (Male) |
| 8:00 | Queue | Villager (Male) |
| 8:52 | Queue | Villager (Male) |
| 8:53 | Queue | Villager (Male) |
| 9:13 | Build | House |
| 9:22 | Queue | Villager (Male) |
| 9:45 | Queue | Villager (Male) |
| 10:14 | Queue | Villager (Male) |
| 10:28 | Build | Mill |
| 10:37 | Queue | Villager (Male) |
| 10:46 | Queue | Villager (Male) |
| 11:09 | Build | Barracks |
| 11:18 | Queue | Villager (Male) |
| 11:18 | Queue | Villager (Male) |
| 11:23 | Build | House |
| 11:34 | Build | Lumber Camp |
| 12:21 | Queue | Villager (Male) |
| 12:25 | Build | House |
| 12:47 | Build | Mining Camp |
| 12:52 | Queue | Villager (Male) |
| 13:29 | Research | Feudal Age |
| 13:29 | Research | Feudal Age |
| 14:07 | Queue | Villager (Male) |
| 14:28 | Queue | Villager (Male) |
| 14:52 | Build | Dock |
| 15:32 | Queue | Fishing Ship |
| 15:33 | Queue | Fishing Ship |
| 15:35 | Queue | Fishing Ship |
| 15:35 | Queue | Fishing Ship |
| 15:39 | Age | Feudal Age |
| 15:43 | Research | Double-Bit Axe |
| 15:57 | Queue | Villager (Male) |
| 15:57 | Queue | Villager (Male) |
| 16:19 | Build | Fish Trap |
| 16:48 | Queue | Villager (Male) |
| 17:00 | Build | Farm |
| 17:02 | Build | Farm |
| 17:10 | Build | Fish Trap |
| 17:24 | Queue | Villager (Male) |
| 17:31 | Build | Farm |
| 17:38 | Build | Fish Trap |
| 18:02 | Build | Farm |
| 18:08 | Queue | Villager (Male) |
| 18:08 | Queue | Villager (Male) |
| 18:14 | Build | House |
| 18:18 | Build | House |
| 18:26 | Build | Fish Trap |
| 18:46 | Queue | Villager (Male) |
| 18:56 | Queue | Demolition Raft |
| 18:58 | Research | Tech 906 |
| 18:59 | Queue | Fishing Ship |
| 19:04 | Build | Farm |
| 19:37 | Queue | Spearman |
| 19:37 | Queue | Spearman |
| 19:37 | Queue | Spearman |
| 19:38 | Queue | Spearman |
| 20:03 | Build | Farm |
| 20:05 | Build | Farm |
| 20:35 | Build | Farm |
| 20:37 | Build | Fish Trap |
| 20:49 | Queue | Villager (Male) |
| 20:49 | Queue | Villager (Male) |
| 21:10 | Research | Horse Collar |
| 21:19 | Queue | Fishing Ship |
| 21:29 | Queue | Villager (Male) |
| 21:41 | Build | Market |
| 21:50 | Build | Farm |
| 22:05 | Build | Fish Trap |
| 22:17 | Queue | Villager (Male) |
| 22:33 | Build | Blacksmith |
| 22:40 | Queue | Villager (Male) |
| 22:51 | Build | House |
| 22:52 | Build | House |
| 22:53 | Build | House |
| 23:03 | Research | Castle Age |
| 23:20 | Queue | Fishing Ship |
| 24:17 | Research | Gold Mining |
| 24:22 | Queue | Spearman |
| 24:22 | Queue | Spearman |
| 24:32 | Build | Fish Trap |
| 24:40 | Queue | Fishing Ship |
| 24:59 | Build | House |
| 24:59 | Build | House |
| 24:59 | Build | House |
| 25:00 | Build | House |
| 25:00 | Build | House |
| 25:24 | Build | Archery Range |
| 25:27 | Build | Archery Range |
| 25:35 | Build | Fish Trap |
| 25:44 | Age | Castle Age |
| 25:58 | Build | Mining Camp |
| 26:02 | Queue | Villager (Male) |
| 26:03 | Queue | Villager (Male) |
| 26:13 | Research | Bow Saw |
| 26:27 | Queue | Fishing Ship |
| 26:34 | Build | Farm |
| 26:54 | Queue | Villager (Male) |
| 26:54 | Queue | Villager (Male) |
| 26:54 | Queue | Villager (Male) |
| 27:03 | Build | Town Center |
| 27:19 | Build | Town Center |
| 27:25 | Build | Town Center |
| 27:41 | Build | Farm |
| 27:53 | Build | Fish Trap |
| 28:03 | Build | Fish Trap |
| 28:12 | Queue | Villager (Male) |
| 28:12 | Queue | Villager (Male) |
| 28:12 | Queue | Villager (Male) |
| 28:13 | Queue | Villager (Male) |
| 28:13 | Queue | Villager (Male) |
| 28:13 | Queue | Villager (Male) |
| 28:13 | Queue | Villager (Male) |
| 28:36 | Build | Castle |
| 28:57 | Queue | Villager (Male) |
| 28:57 | Queue | Villager (Male) |
| 28:57 | Queue | Villager (Male) |
| 28:58 | Queue | Villager (Male) |
| 28:58 | Queue | Villager (Male) |
| 29:16 | Build | Farm |
| 29:17 | Build | Farm |
| 29:30 | Queue | Villager (Male) |
| 29:31 | Queue | Villager (Male) |
| 29:31 | Queue | Villager (Male) |
| 29:31 | Queue | Villager (Male) |
| 29:31 | Queue | Villager (Male) |
| 29:33 | Queue | Villager (Male) |
| 29:33 | Queue | Villager (Male) |
| 29:33 | Queue | Villager (Male) |
| 29:48 | Build | Siege Workshop |
| 29:50 | Build | Siege Workshop |
| 29:57 | Build | Siege Workshop |
| 30:19 | Research | Wheelbarrow |
| 30:23 | Research | Squires |
| 30:26 | Research | Gillnets |
| 30:42 | Queue | Villager (Male) |
| 30:43 | Queue | Villager (Male) |
| 30:43 | Queue | Villager (Male) |
| 30:43 | Queue | Villager (Male) |
Build order — 出兵保護我~
First 150 of 438 actions detected
| 0:26 | Build | Town Center |
| 0:49 | Build | House |
| 1:42 | Build | Lumber Camp |
| 3:00 | Queue | Villager (Male) |
| 3:00 | Queue | Villager (Male) |
| 3:00 | Queue | Villager (Male) |
| 3:01 | Queue | Villager (Male) |
| 3:01 | Queue | Villager (Male) |
| 4:00 | Queue | Villager (Male) |
| 4:01 | Queue | Villager (Male) |
| 4:36 | Queue | Villager (Male) |
| 4:36 | Queue | Villager (Male) |
| 5:11 | Build | House |
| 5:11 | Build | House |
| 5:16 | Queue | Villager (Male) |
| 5:16 | Queue | Villager (Male) |
| 5:17 | Queue | Villager (Male) |
| 5:57 | Queue | Villager (Male) |
| 5:58 | Queue | Villager (Male) |
| 5:58 | Queue | Villager (Male) |
| 5:58 | Queue | Villager (Male) |
| 6:46 | Build | Lumber Camp |
| 6:50 | Queue | Villager (Male) |
| 6:51 | Queue | Villager (Male) |
| 6:51 | Queue | Villager (Male) |
| 6:51 | Queue | Villager (Male) |
| 6:51 | Queue | Villager (Male) |
| 7:29 | Queue | Villager (Male) |
| 7:37 | Research | Loom |
| 7:37 | Research | Loom |
| 7:38 | Research | Loom |
| 8:21 | Queue | Villager (Male) |
| 8:21 | Queue | Villager (Male) |
| 8:58 | Queue | Villager (Male) |
| 8:58 | Queue | Villager (Male) |
| 8:58 | Queue | Villager (Male) |
| 9:12 | Queue | Villager (Male) |
| 9:12 | Queue | Villager (Male) |
| 10:02 | Queue | Villager (Male) |
| 10:21 | Build | Mining Camp |
| 10:24 | Queue | Villager (Male) |
| 10:44 | Build | House |
| 11:05 | Research | Feudal Age |
| 11:05 | Research | Feudal Age |
| 11:06 | Research | Feudal Age |
| 11:26 | Build | Mill |
| 12:04 | Build | Barracks |
| 13:15 | Age | Feudal Age |
| 13:19 | Build | Market |
| 13:22 | Queue | Villager (Male) |
| 13:22 | Queue | Villager (Male) |
| 13:22 | Queue | Villager (Male) |
| 13:28 | Queue | Villager (Male) |
| 13:57 | Build | Stable |
| 14:29 | Queue | Villager (Male) |
| 14:55 | Build | Blacksmith |
| 15:25 | Queue | Villager (Male) |
| 15:39 | Research | Castle Age |
| 15:39 | Research | Castle Age |
| 15:39 | Research | Castle Age |
| 15:49 | Build | Stable |
| 16:01 | Build | Mining Camp |
| 16:12 | Build | House |
| 16:12 | Build | House |
| 16:36 | Build | House |
| 16:49 | Research | Double-Bit Axe |
| 16:50 | Research | Double-Bit Axe |
| 16:50 | Research | Double-Bit Axe |
| 16:59 | Queue | Scout Cavalry |
| 16:59 | Queue | Scout Cavalry |
| 17:08 | Queue | Scout Cavalry |
| 17:35 | Build | Gate |
| 17:42 | Build | Stone Wall |
| 17:47 | Queue | Scout Cavalry |
| 17:55 | Research | Scale Barding Armor |
| 17:55 | Research | Scale Barding Armor |
| 17:55 | Research | Scale Barding Armor |
| 18:19 | Age | Castle Age |
| 18:23 | Queue | Villager (Male) |
| 18:23 | Queue | Villager (Male) |
| 18:35 | Build | Town Center |
| 19:04 | Queue | Villager (Male) |
| 19:20 | Research | Forging |
| 19:20 | Research | Forging |
| 19:46 | Queue | Unit 1944 |
| 20:05 | Build | Stone Wall |
| 20:08 | Queue | Villager (Male) |
| 20:08 | Queue | Villager (Male) |
| 20:15 | Queue | Villager (Male) |
| 20:39 | Queue | Villager (Male) |
| 20:39 | Queue | Villager (Male) |
| 21:00 | Queue | Unit 1944 |
| 21:07 | Queue | Unit 1944 |
| 21:08 | Queue | Unit 1944 |
| 21:08 | Queue | Unit 1944 |
| 21:16 | Build | Farm |
| 21:45 | Queue | Villager (Male) |
| 22:05 | Queue | Villager (Male) |
| 22:20 | Build | Gate |
| 22:27 | Build | Stone Wall |
| 22:31 | Queue | Villager (Male) |
| 22:32 | Queue | Villager (Male) |
| 22:33 | Queue | Villager (Male) |
| 22:34 | Queue | Villager (Male) |
| 22:34 | Queue | Villager (Male) |
| 22:38 | Build | Farm |
| 22:44 | Build | Farm |
| 22:52 | Queue | Villager (Male) |
| 23:08 | Queue | Unit 1944 |
| 23:14 | Build | Farm |
| 23:16 | Build | Farm |
| 23:16 | Build | Farm |
| 23:17 | Build | Farm |
| 23:18 | Build | Farm |
| 23:19 | Build | Farm |
| 23:20 | Build | Farm |
| 23:34 | Build | Stone Wall |
| 23:40 | Build | Farm |
| 23:41 | Queue | Villager (Male) |
| 23:45 | Build | House |
| 23:47 | Build | House |
| 23:48 | Build | House |
| 24:01 | Queue | Villager (Male) |
| 24:18 | Research | Wheelbarrow |
| 24:18 | Research | Wheelbarrow |
| 24:18 | Research | Wheelbarrow |
| 24:33 | Build | Stone Wall |
| 24:44 | Research | Gold Mining |
| 24:46 | Queue | Villager (Male) |
| 24:46 | Queue | Villager (Male) |
| 24:51 | Queue | Unit 1944 |
| 25:02 | Queue | Unit 1944 |
| 25:03 | Queue | Unit 1944 |
| 25:15 | Build | Farm |
| 25:15 | Build | Farm |
| 25:16 | Build | Farm |
| 25:20 | Build | Farm |
| 25:21 | Build | Farm |
| 25:26 | Research | Stone Mining |
| 25:30 | Build | Farm |
| 25:46 | Build | Farm |
| 25:48 | Queue | Villager (Male) |
| 25:49 | Queue | Villager (Male) |
| 26:29 | Queue | Villager (Male) |
| 26:29 | Queue | Villager (Male) |
| 26:31 | Queue | Villager (Male) |
| 26:31 | Queue | Villager (Male) |
| 26:43 | Research | Bow Saw |
| 26:43 | Research | Bow Saw |
| 26:43 | Research | Bow Saw |
Build order — I_am_Ed10s
First 150 of 302 actions detected
| 1:11 | Build | Town Center |
| 2:47 | Build | House |
| 2:57 | Build | House |
| 2:59 | Queue | Villager (Male) ×4 |
| 3:43 | Research | Loom |
| 3:44 | Queue | Villager (Male) |
| 3:44 | Queue | Villager (Male) |
| 3:45 | Queue | Villager (Male) |
| 3:53 | Queue | Villager (Male) |
| 3:53 | Queue | Villager (Male) |
| 4:37 | Queue | Villager (Male) |
| 4:37 | Queue | Villager (Male) |
| 5:21 | Build | House |
| 5:32 | Queue | Villager (Male) |
| 5:49 | Queue | Villager (Male) |
| 6:11 | Queue | Villager (Male) |
| 6:11 | Queue | Villager (Male) |
| 6:30 | Queue | Villager (Male) |
| 6:31 | Queue | Villager (Male) |
| 7:13 | Queue | Villager (Male) |
| 7:14 | Queue | Villager (Male) |
| 7:14 | Queue | Villager (Male) |
| 7:21 | Queue | Villager (Male) |
| 7:22 | Queue | Villager (Male) |
| 7:43 | Build | House |
| 7:48 | Build | House |
| 8:12 | Queue | Villager (Male) |
| 8:35 | Build | Lumber Camp |
| 8:46 | Build | House |
| 10:14 | Queue | Villager (Male) |
| 10:22 | Build | Mill |
| 10:47 | Research | Feudal Age |
| 11:59 | Build | Barracks |
| 12:57 | Age | Feudal Age |
| 13:04 | Queue | Villager (Male) |
| 13:04 | Queue | Villager (Male) |
| 13:04 | Queue | Villager (Male) |
| 13:11 | Research | Double-Bit Axe |
| 13:26 | Queue | Spearman |
| 13:53 | Build | Market |
| 14:14 | Queue | Villager (Male) |
| 14:24 | Build | House |
| 14:43 | Queue | Villager (Male) |
| 15:10 | Build | Blacksmith |
| 15:21 | Queue | Villager (Male) |
| 15:46 | Research | Castle Age |
| 15:48 | Queue | Spearman |
| 16:35 | Build | House |
| 17:01 | Build | Mill |
| 17:14 | Build | Mill |
| 18:27 | Age | Castle Age |
| 18:32 | Build | Monastery |
| 18:59 | Build | Town Center |
| 19:32 | Queue | Monk |
| 19:45 | Build | Town Center |
| 20:31 | Queue | Villager (Male) |
| 20:32 | Queue | Villager (Male) |
| 20:46 | Queue | Villager (Male) |
| 20:46 | Queue | Villager (Male) |
| 20:50 | Queue | Villager (Male) |
| 20:50 | Queue | Villager (Male) |
| 21:12 | Build | Siege Workshop |
| 21:29 | Queue | Villager (Male) |
| 21:30 | Queue | Villager (Male) |
| 21:31 | Queue | Villager (Male) |
| 21:35 | Queue | Monk |
| 21:37 | Queue | Villager (Male) |
| 21:59 | Build | Farm |
| 22:00 | Build | Farm |
| 22:02 | Build | Farm |
| 22:09 | Build | Lumber Camp |
| 22:11 | Queue | Villager (Male) ×5 |
| 22:20 | Queue | Villager (Male) |
| 22:20 | Queue | Villager (Male) |
| 22:44 | Queue | Villager (Male) ×2 |
| 22:48 | Build | House |
| 22:48 | Build | House |
| 22:48 | Build | House |
| 22:53 | Build | House |
| 22:58 | Build | Mill |
| 23:09 | Build | Mill |
| 23:35 | Queue | Monk |
| 23:35 | Queue | Monk |
| 23:40 | Queue | Scorpion |
| 23:41 | Queue | Villager (Male) |
| 23:41 | Queue | Villager (Male) |
| 23:41 | Queue | Villager (Male) |
| 23:47 | Queue | Villager (Male) ×3 |
| 23:57 | Queue | Villager (Male) |
| 24:07 | Build | Stable |
| 24:17 | Queue | Villager (Male) |
| 24:19 | Queue | Scorpion |
| 24:25 | Build | Farm |
| 24:26 | Build | Farm |
| 24:27 | Build | Farm |
| 24:34 | Build | Farm |
| 24:42 | Build | Stable |
| 24:46 | Queue | Monk |
| 24:50 | Queue | Villager (Male) ×2 |
| 24:55 | Queue | Villager (Male) |
| 25:20 | Queue | Knight |
| 25:54 | Queue | Knight |
| 25:54 | Queue | Knight |
| 26:10 | Build | Farm |
| 26:10 | Build | Farm |
| 26:47 | Queue | Villager (Male) ×5 |
| 26:52 | Build | Farm |
| 26:52 | Build | Farm |
| 27:06 | Build | Farm |
| 27:08 | Build | Farm |
| 27:09 | Build | Farm |
| 27:10 | Build | Farm |
| 27:14 | Queue | Villager (Male) |
| 27:14 | Queue | Villager (Male) |
| 27:15 | Queue | Villager (Male) |
| 27:15 | Queue | Villager (Male) |
| 27:15 | Queue | Villager (Male) |
| 27:16 | Queue | Villager (Male) |
| 27:27 | Build | Farm |
| 27:30 | Build | Farm |
| 27:45 | Research | Man-at-Arms (upgrade) |
| 27:59 | Queue | Villager (Male) ×2 |
| 28:26 | Build | House |
| 28:26 | Build | House |
| 28:27 | Build | House |
| 28:27 | Build | House |
| 28:35 | Build | Town Center |
| 28:45 | Queue | Knight |
| 28:46 | Queue | Knight |
| 28:49 | Research | Long Swordsman (upgrade) |
| 28:52 | Research | Forging |
| 29:04 | Queue | Scorpion |
| 29:09 | Build | House |
| 29:10 | Build | House |
| 29:12 | Build | House |
| 29:13 | Build | House |
| 29:14 | Build | House |
| 29:31 | Queue | Villager (Male) ×5 |
| 29:49 | Research | Gambesons |
| 29:53 | Queue | Militia |
| 29:53 | Queue | Militia |
| 29:56 | Build | Barracks |
| 29:59 | Build | Barracks |
| 30:02 | Queue | Villager (Male) ×4 |
| 30:21 | Research | Fletching |
| 30:38 | Queue | Militia |
| 30:38 | Queue | Militia |
| 30:57 | Research | Scale Mail Armor |
| 31:01 | Queue | Villager (Male) ×5 |
| 31:08 | Queue | Militia ×3 |
Build order — _Ctm_NeO_
First 150 of 434 actions detected
| 1:23 | Build | Town Center |
| 1:40 | Build | Palisade Wall |
| 2:09 | Build | House |
| 3:16 | Queue | Villager (Male) |
| 3:16 | Queue | Villager (Male) |
| 3:17 | Queue | Villager (Male) |
| 3:17 | Queue | Villager (Male) |
| 3:17 | Queue | Villager (Male) |
| 3:17 | Queue | Villager (Male) |
| 4:16 | Queue | Villager (Male) |
| 4:16 | Queue | Villager (Male) |
| 4:59 | Build | House |
| 5:06 | Queue | Villager (Male) |
| 5:06 | Queue | Villager (Male) |
| 5:06 | Queue | Villager (Male) |
| 5:06 | Queue | Villager (Male) |
| 6:02 | Queue | Villager (Male) |
| 6:02 | Queue | Villager (Male) |
| 6:03 | Queue | Villager (Male) |
| 6:03 | Queue | Villager (Male) |
| 6:27 | Queue | Villager (Male) |
| 6:45 | Queue | Villager (Male) |
| 7:05 | Build | House |
| 7:14 | Queue | Villager (Male) |
| 7:15 | Queue | Villager (Male) |
| 7:32 | Build | Mill |
| 7:51 | Research | Loom |
| 8:23 | Build | House |
| 8:37 | Queue | Villager (Male) |
| 8:59 | Queue | Villager (Male) |
| 9:20 | Queue | Villager (Male) |
| 9:45 | Queue | Villager (Male) |
| 9:45 | Queue | Villager (Male) |
| 10:01 | Build | Lumber Camp |
| 10:27 | Queue | Villager (Male) |
| 10:54 | Queue | Villager (Male) |
| 11:14 | Queue | Villager (Male) |
| 11:14 | Queue | Villager (Male) |
| 11:18 | Research | Feudal Age |
| 11:18 | Research | Feudal Age |
| 12:05 | Build | Mining Camp |
| 12:15 | Build | House |
| 12:32 | Build | House |
| 14:33 | Age | Feudal Age |
| 14:36 | Queue | Villager (Male) |
| 14:43 | Build | Market |
| 14:46 | Build | Blacksmith |
| 14:57 | Queue | Villager (Male) |
| 15:31 | Research | Castle Age |
| 15:31 | Research | Castle Age |
| 15:34 | Research | Double-Bit Axe |
| 15:34 | Research | Double-Bit Axe |
| 15:59 | Research | Scale Mail Armor |
| 16:18 | Build | Barracks |
| 16:38 | Research | Forging |
| 16:38 | Research | Forging |
| 17:02 | Build | Barracks |
| 17:45 | Build | House |
| 17:52 | Queue | Eagle Scout |
| 17:56 | Queue | Villager (Male) |
| 17:56 | Queue | Villager (Male) |
| 18:11 | Age | Castle Age |
| 18:17 | Research | Eagle Warrior (upgrade) |
| 18:17 | Research | Eagle Warrior (upgrade) |
| 18:20 | Queue | Eagle Scout ×2 |
| 18:21 | Queue | Eagle Scout ×2 |
| 18:31 | Build | Town Center |
| 18:40 | Build | House |
| 18:42 | Build | Palisade Wall |
| 18:52 | Queue | Villager (Male) |
| 19:02 | Queue | Eagle Scout |
| 19:02 | Queue | Eagle Scout |
| 19:03 | Queue | Eagle Scout |
| 19:32 | Queue | Eagle Scout ×2 |
| 19:32 | Queue | Eagle Scout ×2 |
| 19:33 | Queue | Villager (Male) |
| 19:33 | Queue | Villager (Male) |
| 19:45 | Queue | Villager (Male) |
| 20:00 | Build | Town Center |
| 20:02 | Queue | Villager (Male) |
| 20:13 | Queue | Villager (Male) |
| 20:13 | Queue | Villager (Male) |
| 20:22 | Build | House |
| 20:23 | Build | Palisade Wall |
| 20:29 | Build | House |
| 20:31 | Build | House |
| 20:34 | Queue | Villager (Male) |
| 20:41 | Queue | Eagle Scout |
| 20:41 | Queue | Eagle Scout |
| 20:57 | Queue | Villager (Male) |
| 20:58 | Queue | Villager (Male) |
| 20:58 | Queue | Villager (Male) |
| 21:12 | Queue | Eagle Scout ×2 |
| 21:12 | Queue | Eagle Scout ×2 |
| 21:13 | Queue | Villager (Male) |
| 21:13 | Queue | Villager (Male) |
| 21:18 | Build | Palisade Wall |
| 21:20 | Build | Palisade Gate |
| 21:34 | Queue | Eagle Scout |
| 21:34 | Queue | Eagle Scout |
| 21:35 | Queue | Villager (Male) |
| 21:35 | Queue | Villager (Male) |
| 21:35 | Queue | Villager (Male) |
| 21:36 | Queue | Villager (Male) |
| 21:44 | Build | Farm |
| 21:53 | Queue | Villager (Male) |
| 21:53 | Queue | Villager (Male) |
| 22:10 | Queue | Eagle Scout |
| 22:10 | Queue | Eagle Scout |
| 22:12 | Queue | Villager (Male) |
| 22:17 | Queue | Villager (Male) |
| 22:20 | Queue | Villager (Male) |
| 22:24 | Queue | Villager (Male) |
| 22:44 | Build | Mining Camp |
| 22:48 | Queue | Eagle Scout |
| 22:54 | Queue | Villager (Male) |
| 22:54 | Queue | Villager (Male) |
| 22:54 | Queue | Villager (Male) |
| 22:54 | Queue | Villager (Male) |
| 22:55 | Queue | Villager (Male) |
| 22:55 | Queue | Villager (Male) |
| 22:55 | Queue | Villager (Male) |
| 23:03 | Queue | Villager (Male) |
| 23:14 | Queue | Villager (Male) |
| 23:37 | Queue | Eagle Scout ×3 |
| 23:37 | Queue | Eagle Scout ×3 |
| 23:39 | Queue | Villager (Male) |
| 23:39 | Queue | Villager (Male) |
| 23:41 | Queue | Villager (Male) |
| 23:53 | Build | Farm |
| 23:56 | Queue | Eagle Scout ×2 |
| 23:57 | Queue | Eagle Scout ×2 |
| 24:01 | Queue | Villager (Male) |
| 24:01 | Queue | Villager (Male) |
| 24:17 | Build | House |
| 24:18 | Build | House |
| 24:33 | Research | Chain Mail Armor |
| 24:33 | Research | Chain Mail Armor |
| 24:33 | Research | Chain Mail Armor |
| 24:35 | Queue | Villager (Male) |
| 24:35 | Queue | Villager (Male) |
| 24:44 | Queue | Villager (Male) |
| 24:44 | Queue | Villager (Male) |
| 24:44 | Queue | Villager (Male) |
| 24:48 | Build | Farm |
| 24:55 | Build | Farm |
| 25:10 | Queue | Eagle Scout ×4 |
| 25:10 | Queue | Eagle Scout ×4 |
| 25:15 | Build | House |
| 25:16 | Build | House |
Build order — TWENTYSIX2SAM4
First 150 of 306 actions detected
| 1:09 | Build | Town Center |
| 3:21 | Build | Palisade Wall |
| 3:22 | Build | Palisade Wall |
| 3:24 | Build | Palisade Wall |
| 3:25 | Build | Palisade Wall |
| 3:55 | Queue | Villager (Male) ×4 |
| 3:55 | Queue | Villager (Male) ×4 |
| 4:36 | Research | Loom |
| 4:47 | Build | House |
| 4:54 | Research | Loom |
| 4:55 | Queue | Villager (Male) ×2 |
| 4:55 | Queue | Villager (Male) ×2 |
| 5:50 | Queue | Villager (Male) |
| 6:21 | Queue | Villager (Male) |
| 6:44 | Queue | Villager (Male) |
| 6:44 | Queue | Villager (Male) |
| 6:49 | Build | House |
| 7:17 | Queue | Villager (Male) |
| 8:04 | Queue | Villager (Male) |
| 8:04 | Queue | Villager (Male) |
| 8:16 | Queue | Villager (Male) |
| 8:22 | Build | Mill |
| 8:57 | Queue | Villager (Male) |
| 8:57 | Queue | Villager (Male) |
| 9:20 | Build | House |
| 9:37 | Queue | Villager (Male) |
| 9:37 | Queue | Villager (Male) |
| 10:10 | Build | House |
| 10:15 | Build | House |
| 10:16 | Build | House |
| 10:17 | Build | House |
| 10:18 | Build | House |
| 10:19 | Build | House |
| 10:24 | Queue | Villager (Male) |
| 11:04 | Queue | Villager (Male) |
| 11:04 | Queue | Villager (Male) |
| 11:28 | Queue | Villager (Male) |
| 11:57 | Queue | Villager (Male) |
| 12:52 | Build | Lumber Camp |
| 12:55 | Queue | Villager (Male) |
| 13:17 | Research | Feudal Age |
| 13:40 | Build | Palisade Wall |
| 13:49 | Build | Palisade Wall |
| 13:57 | Build | Palisade Wall |
| 14:34 | Build | Mill |
| 14:45 | Build | Mill |
| 15:01 | Build | Palisade Gate |
| 15:15 | Build | Palisade Wall |
| 15:30 | Age | Feudal Age |
| 15:32 | Build | Mill |
| 15:52 | Build | Barracks |
| 15:55 | Queue | Villager (Male) |
| 15:55 | Queue | Villager (Male) |
| 15:56 | Queue | Villager (Male) |
| 16:17 | Build | Palisade Gate |
| 16:31 | Research | Horse Collar |
| 16:34 | Research | Double-Bit Axe |
| 16:53 | Build | Farm |
| 16:55 | Build | Farm |
| 17:11 | Queue | Villager (Male) |
| 17:11 | Queue | Villager (Male) |
| 17:41 | Build | Farm |
| 17:42 | Build | Farm |
| 17:46 | Queue | Villager (Male) |
| 18:15 | Queue | Villager (Male) |
| 18:33 | Build | Stable |
| 19:13 | Build | Blacksmith |
| 19:16 | Queue | Villager (Male) |
| 19:17 | Queue | Villager (Male) |
| 19:40 | Build | Mining Camp |
| 20:02 | Build | Farm |
| 20:09 | Build | Farm |
| 20:12 | Queue | Villager (Male) |
| 20:20 | Research | Gold Mining |
| 20:35 | Queue | Villager (Male) |
| 20:40 | Build | Farm |
| 20:47 | Build | Farm |
| 20:56 | Queue | Villager (Male) |
| 21:17 | Build | Mining Camp |
| 21:19 | Research | Castle Age |
| 21:46 | Build | Mining Camp |
| 21:58 | Research | Bloodlines |
| 22:07 | Build | Watch Tower |
| 22:54 | Build | Watch Tower |
| 22:57 | Research | Fletching |
| 23:50 | Queue | Villager (Male) |
| 23:51 | Queue | Villager (Male) |
| 24:07 | Age | Castle Age |
| 24:16 | Build | Watch Tower |
| 24:25 | Queue | Villager (Male) |
| 24:32 | Research | Stone Mining |
| 25:14 | Build | Town Center |
| 25:24 | Queue | Villager (Male) |
| 25:26 | Build | Farm |
| 25:28 | Build | Farm |
| 25:31 | Queue | Villager (Male) |
| 25:57 | Queue | Knight |
| 25:58 | Queue | Knight |
| 25:59 | Queue | Knight |
| 26:00 | Queue | Knight |
| 26:00 | Queue | Knight |
| 26:08 | Queue | Villager (Male) |
| 26:08 | Queue | Villager (Male) |
| 26:18 | Build | Watch Tower |
| 26:25 | Build | Palisade Gate |
| 26:36 | Queue | Villager (Male) |
| 26:36 | Queue | Villager (Male) |
| 26:51 | Queue | Villager (Male) |
| 27:17 | Build | Mill |
| 27:20 | Build | Farm |
| 27:22 | Build | Farm |
| 27:32 | Queue | Villager (Male) |
| 27:32 | Queue | Villager (Male) |
| 27:43 | Build | Farm |
| 28:27 | Queue | Villager (Male) |
| 28:27 | Queue | Villager (Male) |
| 28:28 | Queue | Villager (Male) |
| 29:04 | Build | House |
| 29:07 | Build | House |
| 29:11 | Build | House |
| 29:12 | Build | House |
| 29:14 | Build | House |
| 29:49 | Research | Scale Barding Armor |
| 29:57 | Research | Forging |
| 30:21 | Queue | Villager (Male) |
| 30:21 | Queue | Villager (Male) |
| 30:41 | Build | Castle |
| 30:54 | Queue | Villager (Male) |
| 30:55 | Queue | Villager (Male) |
| 30:55 | Queue | Villager (Male) |
| 31:19 | Build | Mining Camp |
| 31:23 | Queue | Villager (Male) |
| 31:23 | Queue | Villager (Male) |
| 31:24 | Queue | Villager (Male) |
| 31:29 | Build | Farm |
| 31:30 | Build | Farm |
| 31:32 | Build | Farm |
| 32:20 | Build | Archery Range |
| 32:21 | Build | Archery Range |
| 32:27 | Queue | Villager (Male) |
| 32:32 | Research | Wheelbarrow |
| 33:00 | Build | Stable |
| 33:03 | Queue | Villager (Male) |
| 33:46 | Build | Town Center |
| 33:56 | Queue | Battle Elephant |
| 33:57 | Queue | Battle Elephant |
| 33:58 | Queue | Battle Elephant |
| 33:58 | Queue | Battle Elephant |
| 33:58 | Queue | Battle Elephant |
| 33:58 | Queue | Battle Elephant |
Build order — Eldiano
First 150 of 410 actions detected
| 2:12 | Build | Town Center |
| 2:45 | Build | House |
| 2:48 | Build | House |
| 4:09 | Research | Loom |
| 4:09 | Queue | Villager (Male) |
| 4:09 | Queue | Villager (Male) |
| 4:10 | Queue | Villager (Male) |
| 4:39 | Queue | Villager (Male) |
| 5:34 | Queue | Villager (Male) |
| 5:34 | Queue | Villager (Male) |
| 6:19 | Queue | Villager (Male) |
| 6:24 | Build | House |
| 6:45 | Build | Lumber Camp |
| 6:50 | Build | House |
| 6:58 | Queue | Villager (Male) |
| 7:05 | Build | House |
| 7:34 | Queue | Villager (Male) |
| 7:55 | Queue | Villager (Male) |
| 8:10 | Queue | Villager (Male) |
| 8:32 | Queue | Villager (Male) |
| 8:43 | Queue | Villager (Male) |
| 9:45 | Queue | Villager (Male) |
| 10:13 | Queue | Villager (Male) |
| 10:26 | Build | Mining Camp |
| 10:46 | Queue | Villager (Male) |
| 10:48 | Queue | Villager (Male) |
| 11:19 | Queue | Villager (Male) |
| 11:54 | Research | Feudal Age |
| 12:05 | Build | Barracks |
| 12:30 | Build | House |
| 13:49 | Build | Palisade Wall |
| 13:50 | Build | Palisade Wall |
| 13:59 | Build | Palisade Gate |
| 14:05 | Build | Palisade Wall |
| 14:11 | Age | Feudal Age |
| 14:12 | Build | Palisade Wall |
| 14:18 | Build | Archery Range |
| 14:32 | Build | House |
| 14:34 | Queue | Villager (Male) |
| 14:35 | Research | Double-Bit Axe |
| 14:36 | Queue | Villager (Male) |
| 14:56 | Queue | Spearman |
| 15:06 | Queue | Villager (Male) |
| 15:19 | Queue | Archer |
| 15:19 | Queue | Archer |
| 15:26 | Build | Blacksmith |
| 15:35 | Queue | Archer |
| 15:40 | Queue | Spearman |
| 15:51 | Build | House |
| 15:54 | Build | House |
| 15:57 | Queue | Archer |
| 16:00 | Queue | Villager (Male) |
| 16:02 | Queue | Villager (Male) |
| 16:15 | Queue | Spearman |
| 16:24 | Queue | Archer |
| 16:47 | Research | Fletching |
| 16:50 | Queue | Villager (Male) |
| 16:50 | Queue | Villager (Male) |
| 17:02 | Build | Palisade Wall |
| 17:18 | Queue | Archer |
| 17:20 | Queue | Spearman |
| 17:40 | Queue | Spearman |
| 17:46 | Queue | Archer |
| 18:04 | Build | Mill |
| 18:05 | Queue | Villager (Male) |
| 18:18 | Queue | Villager (Male) |
| 18:40 | Build | House |
| 18:47 | Queue | Archer |
| 18:51 | Build | Market |
| 18:54 | Queue | Villager (Male) |
| 18:57 | Queue | Spearman |
| 19:11 | Build | Farm |
| 19:14 | Build | Farm |
| 19:23 | Queue | Spearman |
| 20:03 | Build | Palisade Wall |
| 20:05 | Build | Palisade Wall |
| 20:17 | Queue | Villager (Male) |
| 20:20 | Build | House |
| 20:24 | Build | House |
| 20:27 | Build | House |
| 20:29 | Build | House |
| 20:32 | Queue | Spearman |
| 20:32 | Queue | Spearman |
| 20:35 | Queue | Villager (Male) |
| 20:39 | Build | Farm |
| 20:50 | Build | House |
| 21:21 | Queue | Villager (Male) |
| 21:22 | Queue | Villager (Male) |
| 21:27 | Queue | Villager (Male) |
| 21:33 | Queue | Villager (Male) |
| 21:50 | Build | House |
| 21:51 | Build | House |
| 21:54 | Queue | Villager (Male) |
| 21:54 | Queue | Villager (Male) |
| 21:58 | Build | Farm |
| 21:59 | Build | Farm |
| 22:03 | Build | Farm |
| 22:03 | Queue | Villager (Male) |
| 22:05 | Build | Farm |
| 22:08 | Build | Farm |
| 22:11 | Build | Farm |
| 22:16 | Queue | Archer |
| 22:30 | Research | Town Watch |
| 22:37 | Queue | Villager (Male) |
| 23:03 | Build | Farm |
| 23:16 | Research | Town Watch |
| 24:11 | Build | Stable |
| 24:12 | Build | Stable |
| 24:22 | Build | Farm |
| 24:48 | Queue | Villager (Male) |
| 24:58 | Research | Wheelbarrow |
| 24:59 | Research | Castle Age |
| 25:23 | Build | Lumber Camp |
| 25:37 | Build | Farm |
| 26:12 | Queue | Villager (Male) |
| 26:13 | Queue | Villager (Male) |
| 26:17 | Build | Farm |
| 26:25 | Research | Scale Barding Armor |
| 26:49 | Research | Gold Mining |
| 26:56 | Build | Farm |
| 27:41 | Age | Castle Age |
| 27:45 | Queue | Knight |
| 27:45 | Queue | Knight |
| 27:46 | Queue | Knight |
| 27:46 | Queue | Knight |
| 27:48 | Research | Husbandry |
| 27:49 | Queue | Scout Cavalry |
| 28:04 | Build | Town Center |
| 28:13 | Queue | Villager (Male) |
| 28:24 | Research | Chain Barding Armor |
| 28:34 | Queue | Knight |
| 28:34 | Queue | Knight |
| 28:35 | Queue | Knight |
| 28:35 | Queue | Scout Cavalry |
| 28:43 | Queue | Villager (Male) |
| 28:58 | Build | House |
| 29:01 | Build | House |
| 29:09 | Queue | Knight |
| 29:09 | Queue | Knight |
| 29:09 | Queue | Knight |
| 29:21 | Build | House |
| 29:23 | Build | House |
| 29:39 | Build | Palisade Wall |
| 29:56 | Research | Wheelbarrow |
| 30:01 | Queue | Knight |
| 30:01 | Queue | Knight |
| 30:01 | Queue | Knight |
| 30:03 | Queue | Villager (Male) |
| 30:10 | Build | Farm |
| 30:13 | Queue | Villager (Male) |
Build order — Bizless
First 150 of 327 actions detected
| 0:07 | Build | Town Center |
| 0:59 | Build | House |
| 2:23 | Queue | Villager (Male) |
| 2:31 | Build | Lumber Camp |
| 2:56 | Queue | Villager (Male) |
| 2:56 | Queue | Villager (Male) |
| 2:56 | Queue | Villager (Male) |
| 2:56 | Queue | Villager (Male) |
| 3:50 | Queue | Villager (Male) |
| 3:50 | Queue | Villager (Male) |
| 4:16 | Build | House |
| 4:50 | Queue | Villager (Male) |
| 4:50 | Queue | Villager (Male) |
| 4:50 | Queue | Villager (Male) |
| 4:51 | Queue | Villager (Male) |
| 4:53 | Build | House |
| 5:14 | Queue | Villager (Male) |
| 6:10 | Queue | Villager (Male) |
| 6:10 | Queue | Villager (Male) |
| 6:10 | Queue | Villager (Male) |
| 6:10 | Queue | Villager (Male) |
| 6:19 | Build | House |
| 6:44 | Queue | Villager (Male) |
| 7:08 | Build | Mill |
| 7:21 | Queue | Villager (Male) |
| 8:13 | Queue | Villager (Male) |
| 8:14 | Queue | Villager (Male) |
| 8:34 | Queue | Villager (Male) |
| 8:35 | Queue | Villager (Male) |
| 8:35 | Queue | Villager (Male) |
| 8:35 | Queue | Villager (Male) |
| 8:35 | Queue | Villager (Male) |
| 9:07 | Build | House |
| 9:48 | Queue | Villager (Male) |
| 9:59 | Build | Mining Camp |
| 10:26 | Queue | Villager (Male) |
| 10:45 | Queue | Villager (Male) |
| 11:01 | Research | Feudal Age |
| 12:20 | Queue | Villager (Male) |
| 12:20 | Queue | Villager (Male) |
| 13:26 | Age | Feudal Age |
| 13:27 | Research | Castle Age |
| 13:38 | Build | Stable |
| 13:40 | Build | Blacksmith |
| 13:49 | Research | Double-Bit Axe |
| 14:31 | Build | House |
| 14:34 | Research | Scale Barding Armor |
| 14:42 | Queue | Villager (Male) |
| 15:04 | Build | House |
| 15:52 | Build | Stable |
| 16:07 | Age | Castle Age |
| 16:08 | Queue | Villager (Male) |
| 16:09 | Queue | Knight |
| 16:09 | Queue | Knight |
| 16:09 | Queue | Knight |
| 16:13 | Queue | Knight |
| 16:53 | Queue | Villager (Male) |
| 16:59 | Build | House |
| 17:29 | Queue | Villager (Male) |
| 17:30 | Queue | Villager (Male) |
| 17:36 | Research | Bloodlines |
| 17:39 | Queue | Villager (Male) |
| 17:39 | Queue | Villager (Male) |
| 17:46 | Build | Gate |
| 17:58 | Queue | Villager (Male) |
| 18:06 | Build | Market |
| 18:10 | Research | Husbandry |
| 18:11 | Queue | Knight |
| 18:11 | Queue | Knight |
| 18:34 | Queue | Knight |
| 18:41 | Research | Gold Mining |
| 19:00 | Queue | Knight |
| 19:00 | Queue | Knight |
| 19:03 | Queue | Villager (Male) |
| 19:20 | Queue | Knight |
| 19:20 | Queue | Knight |
| 19:20 | Queue | Knight |
| 19:26 | Build | Palisade Wall |
| 19:30 | Queue | Villager (Male) |
| 19:39 | Queue | Knight |
| 19:40 | Queue | Knight |
| 19:49 | Build | House |
| 19:52 | Queue | Villager (Male) |
| 20:19 | Build | Farm |
| 20:20 | Build | Farm |
| 20:21 | Build | Farm |
| 20:55 | Build | Watch Tower |
| 21:23 | Queue | Knight |
| 21:24 | Queue | Knight |
| 21:52 | Build | Farm |
| 21:53 | Build | Farm |
| 21:53 | Build | Farm |
| 21:54 | Build | Farm |
| 21:54 | Build | Farm |
| 22:00 | Queue | Villager (Male) |
| 22:17 | Build | Farm |
| 22:21 | Build | Farm |
| 22:33 | Queue | Villager (Male) |
| 22:33 | Queue | Villager (Male) |
| 22:55 | Queue | Villager (Male) |
| 22:55 | Queue | Villager (Male) |
| 22:55 | Queue | Villager (Male) |
| 23:31 | Build | Town Center |
| 23:33 | Queue | Knight |
| 23:33 | Queue | Knight |
| 24:10 | Queue | Villager (Male) |
| 24:10 | Queue | Villager (Male) |
| 24:54 | Build | Siege Workshop |
| 25:15 | Build | Siege Workshop |
| 25:17 | Queue | Knight |
| 25:18 | Queue | Knight |
| 25:18 | Queue | Knight |
| 25:31 | Queue | Villager (Male) |
| 25:31 | Queue | Villager (Male) |
| 25:34 | Build | Farm |
| 25:35 | Build | Farm |
| 25:35 | Build | Farm |
| 25:36 | Build | Farm |
| 25:38 | Build | Farm |
| 25:59 | Queue | Knight |
| 25:59 | Queue | Knight |
| 26:17 | Queue | Villager (Male) |
| 26:17 | Queue | Villager (Male) |
| 26:39 | Queue | Knight |
| 26:39 | Queue | Knight |
| 26:39 | Queue | Knight |
| 26:41 | Queue | Scorpion |
| 26:42 | Queue | Scorpion |
| 26:42 | Queue | Scorpion |
| 27:07 | Build | Farm |
| 27:15 | Build | House |
| 27:17 | Queue | Knight |
| 27:18 | Queue | Knight |
| 27:33 | Queue | Scorpion |
| 27:45 | Queue | Scorpion |
| 27:45 | Queue | Scorpion |
| 27:52 | Queue | Knight |
| 27:52 | Queue | Knight |
| 28:09 | Research | Horse Collar |
| 28:09 | Research | Horse Collar |
| 28:09 | Research | Horse Collar |
| 28:32 | Queue | Villager (Male) |
| 28:32 | Queue | Villager (Male) |
| 28:32 | Queue | Villager (Male) |
| 28:32 | Queue | Villager (Male) |
| 28:35 | Build | Farm |
| 29:03 | Queue | Villager (Male) |
| 29:03 | Queue | Villager (Male) |
| 29:04 | Queue | Villager (Male) |
| 29:36 | Queue | Villager (Male) |
Build order — |DD2E| Poloisses
First 150 of 499 actions detected
| 0:13 | Build | Town Center |
| 2:33 | Queue | Villager (Male) |
| 2:33 | Queue | Villager (Male) |
| 2:33 | Queue | Villager (Male) |
| 2:33 | Queue | Villager (Male) |
| 2:33 | Queue | Villager (Male) |
| 2:34 | Queue | Villager (Male) |
| 2:34 | Queue | Villager (Male) |
| 3:27 | Queue | Villager (Male) |
| 3:27 | Queue | Villager (Male) |
| 3:27 | Queue | Villager (Male) |
| 3:27 | Queue | Villager (Male) |
| 3:27 | Queue | Villager (Male) |
| 3:27 | Queue | Villager (Male) |
| 3:27 | Queue | Villager (Male) |
| 4:35 | Queue | Villager (Male) |
| 4:59 | Queue | Villager (Male) |
| 4:59 | Queue | Villager (Male) |
| 4:59 | Queue | Villager (Male) |
| 4:59 | Queue | Villager (Male) |
| 5:00 | Queue | Villager (Male) |
| 5:30 | Queue | Villager (Male) |
| 5:30 | Queue | Villager (Male) |
| 5:30 | Queue | Villager (Male) |
| 5:31 | Queue | Villager (Male) |
| 6:18 | Research | Loom |
| 6:19 | Queue | Villager (Male) |
| 6:48 | Queue | Villager (Male) |
| 7:11 | Queue | Villager (Male) |
| 7:17 | Build | Lumber Camp |
| 7:51 | Queue | Villager (Male) |
| 7:51 | Queue | Villager (Male) |
| 8:38 | Queue | Villager (Male) |
| 8:38 | Queue | Villager (Male) |
| 9:40 | Queue | Villager (Male) |
| 9:41 | Queue | Villager (Male) |
| 9:55 | Build | Mill |
| 10:18 | Queue | Villager (Male) |
| 10:18 | Queue | Villager (Male) |
| 10:49 | Research | Feudal Age |
| 11:44 | Build | Mill |
| 12:15 | Queue | Villager (Male) |
| 12:15 | Queue | Villager (Male) |
| 13:53 | Age | Feudal Age |
| 14:01 | Build | Market |
| 14:05 | Build | Blacksmith |
| 14:28 | Build | Mining Camp |
| 14:48 | Queue | Villager (Male) |
| 15:10 | Research | Castle Age |
| 15:19 | Research | Double-Bit Axe |
| 15:20 | Research | Horse Collar |
| 16:30 | Build | Barracks |
| 17:11 | Queue | Villager (Male) |
| 17:35 | Build | Archery Range |
| 17:48 | Queue | Villager (Male) |
| 17:54 | Age | Castle Age |
| 18:18 | Build | Archery Range |
| 18:24 | Queue | Villager (Male) |
| 18:27 | Research | Fletching |
| 18:29 | Queue | Cavalry Archer |
| 18:29 | Queue | Cavalry Archer |
| 18:59 | Queue | Villager (Male) |
| 19:06 | Queue | Cavalry Archer |
| 19:06 | Queue | Cavalry Archer |
| 19:17 | Queue | Villager (Male) |
| 19:25 | Queue | Villager (Male) |
| 19:46 | Build | Stable |
| 19:50 | Queue | Cavalry Archer |
| 19:51 | Queue | Cavalry Archer |
| 19:51 | Queue | Cavalry Archer |
| 19:51 | Queue | Cavalry Archer |
| 19:51 | Queue | Cavalry Archer |
| 19:52 | Queue | Cavalry Archer |
| 20:15 | Queue | Villager (Male) |
| 20:34 | Research | Bodkin Arrow |
| 20:43 | Research | Husbandry |
| 20:46 | Queue | Villager (Male) |
| 20:46 | Queue | Villager (Male) |
| 20:48 | Queue | Cavalry Archer |
| 20:49 | Queue | Cavalry Archer |
| 20:49 | Queue | Cavalry Archer |
| 20:49 | Queue | Cavalry Archer |
| 21:09 | Build | Mill |
| 21:13 | Queue | Villager (Male) |
| 21:17 | Queue | Cavalry Archer |
| 21:18 | Queue | Cavalry Archer |
| 21:18 | Queue | Cavalry Archer |
| 21:55 | Queue | Villager (Male) |
| 21:58 | Queue | Cavalry Archer |
| 21:58 | Queue | Cavalry Archer |
| 21:58 | Queue | Cavalry Archer |
| 21:58 | Queue | Cavalry Archer |
| 21:59 | Queue | Cavalry Archer |
| 21:59 | Queue | Cavalry Archer |
| 21:59 | Queue | Cavalry Archer |
| 22:27 | Research | Bloodlines |
| 22:30 | Queue | Villager (Male) |
| 22:30 | Queue | Villager (Male) |
| 22:30 | Queue | Villager (Male) |
| 22:30 | Queue | Villager (Male) |
| 22:31 | Queue | Villager (Male) |
| 22:31 | Queue | Villager (Male) |
| 22:40 | Queue | Villager (Male) |
| 22:46 | Build | University |
| 22:59 | Queue | Villager (Male) |
| 23:31 | Queue | Cavalry Archer |
| 23:31 | Queue | Cavalry Archer |
| 23:31 | Queue | Cavalry Archer |
| 23:31 | Queue | Cavalry Archer |
| 23:32 | Queue | Cavalry Archer |
| 23:32 | Queue | Cavalry Archer |
| 23:32 | Queue | Cavalry Archer |
| 23:40 | Build | Town Center |
| 24:09 | Queue | Cavalry Archer |
| 24:10 | Queue | Cavalry Archer |
| 24:10 | Queue | Cavalry Archer |
| 24:15 | Queue | Villager (Male) |
| 24:35 | Research | Ballistics |
| 24:37 | Queue | Villager (Male) |
| 24:45 | Build | Palisade Wall |
| 24:49 | Queue | Cavalry Archer |
| 24:49 | Queue | Cavalry Archer |
| 24:49 | Queue | Cavalry Archer |
| 24:49 | Queue | Cavalry Archer |
| 24:49 | Queue | Cavalry Archer |
| 25:18 | Queue | Villager (Male) |
| 25:44 | Queue | Villager (Male) |
| 25:48 | Queue | Cavalry Archer |
| 25:48 | Queue | Cavalry Archer |
| 25:48 | Queue | Cavalry Archer |
| 25:48 | Queue | Cavalry Archer |
| 25:49 | Research | Thumb Ring |
| 25:59 | Queue | Villager (Male) |
| 26:21 | Queue | Villager (Male) |
| 26:27 | Queue | Villager (Male) |
| 26:27 | Queue | Villager (Male) |
| 26:27 | Queue | Villager (Male) |
| 26:35 | Queue | Cavalry Archer |
| 26:36 | Queue | Cavalry Archer |
| 26:36 | Queue | Cavalry Archer |
| 26:36 | Queue | Cavalry Archer |
| 26:36 | Queue | Cavalry Archer |
| 26:36 | Queue | Cavalry Archer |
| 26:58 | Queue | Villager (Male) |
| 27:06 | Queue | Villager (Male) |
| 27:11 | Build | Farm |
| 27:12 | Build | Farm |
| 27:12 | Build | Farm |
| 27:12 | Build | Farm |
| 27:12 | Build | Farm |
Match timeline
| 1:40 | _Ctm_NeO_ · wall_segment Palisade Wall x1 |
| 3:21 | TWENTYSIX2SAM4 · wall_segment Palisade Wall x1 |
| 3:22 | TWENTYSIX2SAM4 · wall_segment Palisade Wall x1 |
| 3:24 | TWENTYSIX2SAM4 · wall_segment Palisade Wall x1 |
| 3:25 | TWENTYSIX2SAM4 · wall_segment Palisade Wall x1 |
| 11:09 | FeliGar18 · first_building Barracks |
| 11:59 | I_am_Ed10s · first_building Barracks |
| 12:04 | 出兵保護我~ · first_building Barracks |
| 12:05 | Eldiano · first_building Barracks |
| 12:57 | I_am_Ed10s · age_up feudal |
| 13:15 | 出兵保護我~ · age_up feudal |
| 13:26 | Bizless · age_up feudal |
| 13:38 | Bizless · first_building Stable |
| 13:40 | TWENTYSIX2SAM4 · wall_segment Palisade Wall x13 |
| 13:49 | TWENTYSIX2SAM4 · wall_segment Palisade Wall x1 |
| 13:49 | Eldiano · wall_segment Palisade Wall x4 |
| 13:50 | Eldiano · wall_segment Palisade Wall x1 |
| 13:53 | |DD2E| Poloisses · age_up feudal |
| 13:57 | 出兵保護我~ · first_building Stable |
| 13:57 | TWENTYSIX2SAM4 · wall_segment Palisade Wall x11 |
| 14:05 | Eldiano · wall_segment Palisade Wall x5 |
| 14:11 | Eldiano · age_up feudal |
| 14:12 | Eldiano · wall_segment Palisade Wall x3 |
| 14:18 | Eldiano · first_building Archery Range |
| 14:33 | _Ctm_NeO_ · age_up feudal |
| 14:52 | FeliGar18 · first_building Dock |
| 14:58 | I_am_Ed10s · first_market_sell 100 food |
| 15:07 | |DD2E| Poloisses · first_market_sell 100 food |
| 15:15 | TWENTYSIX2SAM4 · wall_segment Palisade Wall x12 |
| 15:30 | TWENTYSIX2SAM4 · age_up feudal |
| 15:39 | FeliGar18 · age_up feudal |
| 15:52 | TWENTYSIX2SAM4 · first_building Barracks |
| 16:07 | Bizless · age_up castle |
| 16:18 | _Ctm_NeO_ · first_building Barracks |
| 16:30 | |DD2E| Poloisses · first_building Barracks |
| 17:02 | Eldiano · wall_segment Palisade Wall x7 |
| 17:35 | |DD2E| Poloisses · first_building Archery Range |
| 17:42 | 出兵保護我~ · wall_segment Stone Wall x2 |
| 17:54 | |DD2E| Poloisses · age_up castle |
| 18:11 | _Ctm_NeO_ · age_up castle |
| 18:19 | 出兵保護我~ · age_up castle |
| 18:27 | I_am_Ed10s · age_up castle |
| 18:32 | I_am_Ed10s · first_building Monastery |
| 18:33 | TWENTYSIX2SAM4 · first_building Stable |
| 18:42 | _Ctm_NeO_ · wall_segment Palisade Wall x1 |
| 19:26 | Bizless · wall_segment Palisade Wall x6 |
| 19:39 | |DD2E| Poloisses · first_market_buy 100 wood |
| 19:46 | |DD2E| Poloisses · first_building Stable |
| 20:03 | Eldiano · wall_segment Palisade Wall x1 |
| 20:05 | 出兵保護我~ · wall_segment Stone Wall x21 |
| 20:05 | Eldiano · wall_segment Palisade Wall x1 |
| 20:23 | _Ctm_NeO_ · wall_segment Palisade Wall x3 |
| 21:12 | I_am_Ed10s · first_building Siege Workshop |
| 21:18 | _Ctm_NeO_ · wall_segment Palisade Wall x10 |
| 22:27 | 出兵保護我~ · wall_segment Stone Wall x4 |
| 22:46 | Eldiano · first_market_sell 100 wood |
| 22:47 | Eldiano · first_market_buy 100 food |
| 23:00 | FeliGar18 · first_market_sell 100 stone |
| 23:12 | Bizless · first_market_buy 100 wood |
| 23:34 | 出兵保護我~ · wall_segment Stone Wall x7 |
| 24:07 | TWENTYSIX2SAM4 · age_up castle |
| 24:07 | I_am_Ed10s · first_building Stable |
| 24:11 | Eldiano · first_building Stable |
| 24:32 | _Ctm_NeO_ · first_market_buy 100 food |
| 24:33 | 出兵保護我~ · wall_segment Stone Wall x3 |
| 24:45 | |DD2E| Poloisses · wall_segment Palisade Wall x8 |
| 24:54 | Bizless · first_building Siege Workshop |
| 25:24 | FeliGar18 · first_building Archery Range |
| 25:44 | FeliGar18 · age_up castle |
| 26:41 | 出兵保護我~ · first_market_buy 100 food |
| 26:48 | FeliGar18 · first_market_buy 100 wood |
| 27:41 | Eldiano · age_up castle |
| 28:18 | I_am_Ed10s · first_market_buy 100 stone |
| 28:36 | FeliGar18 · first_building Castle |
| 29:37 | _Ctm_NeO_ · first_building Monastery |
| 29:39 | Eldiano · wall_segment Palisade Wall x1 |
| 29:48 | FeliGar18 · first_building Siege Workshop |
| 30:41 | TWENTYSIX2SAM4 · first_building Castle |
| 30:50 | 出兵保護我~ · first_building Castle |
| 31:45 | _Ctm_NeO_ · wall_segment Palisade Wall x1 |
| 31:48 | _Ctm_NeO_ · wall_segment Palisade Wall x1 |
| 32:20 | TWENTYSIX2SAM4 · first_building Archery Range |
| 34:22 | _Ctm_NeO_ · first_building Castle |
| 34:27 | Bizless · first_building Barracks |
| 34:28 | Eldiano · first_building Siege Workshop |
| 34:37 | Eldiano · first_building Monastery |
| 34:37 | |DD2E| Poloisses · first_building Castle |
| 35:21 | |DD2E| Poloisses · first_building Siege Workshop |
| 37:02 | TWENTYSIX2SAM4 · first_market_buy 100 food |
| 38:22 | FeliGar18 · age_up imperial |
| 38:50 | _Ctm_NeO_ · first_market_sell 100 wood |
| 39:13 | Eldiano · first_building Castle |
| 39:40 | 出兵保護我~ · first_building Siege Workshop |
| 40:18 | TWENTYSIX2SAM4 · age_up imperial |
| 40:54 | _Ctm_NeO_ · age_up imperial |
| 41:17 | I_am_Ed10s · first_building Archery Range |
| 41:33 | 出兵保護我~ · age_up imperial |
| 42:40 | I_am_Ed10s · age_up imperial |
| 42:50 | |DD2E| Poloisses · age_up imperial |
| 43:11 | I_am_Ed10s · first_building Castle |
| 46:08 | Eldiano · age_up imperial |
| 48:08 | I_am_Ed10s · tribute_sent a jugador 1 |
| 48:08 | I_am_Ed10s · tribute_sent a jugador 2 |
| 48:08 | I_am_Ed10s · tribute_sent a jugador 4 |
| 48:08 | I_am_Ed10s · tribute_sent a jugador 5 |
| 48:09 | I_am_Ed10s · tribute_sent a jugador 6 |
| 48:09 | I_am_Ed10s · tribute_sent a jugador 7 |
| 48:09 | I_am_Ed10s · tribute_sent a jugador 8 |
| 49:28 | 出兵保護我~ · resign |
| 51:57 | _Ctm_NeO_ · first_building Archery Range |
[ AI ANALYSIS · 1 CREDIT ]
What really happened in this match?
Wolo.gg analyzes every decision: build order, eco, micro, common mistakes by bracket. Personalized analysis on WhatsApp or Discord in 30 seconds.
Civ guide
Japanese
Perfil
Jugador #704774